 Dungeon Crawl Stone Soup version 0.30-a0-1042-gacf32f4bd3 (webtiles) character file.

Game seed: 14156381703396122031

5 FlurksSlurper the Sneak (level 1, 0/18 HPs)
             Began as a Demonspawn Delver on Apr 9, 2023.
             Slain by a phantom (1 damage)
             ... on level 5 of the Dungeon.
             The game lasted 00:00:51 (220 turns).

FlurksSlurper the Sneak (Demonspawn Delver)          Turns: 220, Time: 00:00:51

Health: 0/18       AC:  3    Str: 12    XL:     1   Next: 66%
Magic:  1/1        EV: 11    Int: 11    God:
Gold:   11         SH:  0    Dex: 14    Spells: 0/0 levels left

rFire   . . .      SeeInvis .      - Unarmed
rCold   . . .      Faith    .    (no shield)
rNeg    . . .      Spirit   .    a - +0 leather armour
rPois   .          Reflect  .    (no helmet)
rElec   .          Rampage  .    (no cloak)
rCorr   .                        (no gloves)
Will    .....                    (no boots)
Stlth   +++                      (no amulet)
HPRegen 0.23/turn                (no ring)
MPRegen 0.07/turn                (no ring)

@: no status effects
A: no striking features
a: no special abilities


You were on level 5 of the Dungeon.
You visited 1 branch of the dungeon, and saw 2 of its levels.

You collected 11 gold pieces.

Inventory:

Armour
 a - a +0 leather armour (worn)
Wands
 f - a wand of digging (3)
Scrolls
 b - a scroll of fog
 c - a scroll of magic mapping
 d - a scroll of fear
 g - a scroll of enchant armour {unknown}
 h - 3 scrolls of teleportation {unknown}
Potions
 e - a potion of haste


   Skills:
 + Level 3.0 Fighting
 + Level 1.7 Dodging
 + Level 4.7 Stealth
 + Level 1.8 Unarmed Combat


You couldn't memorise any spells.
You didn't know any spells.
Your spell library was empty.

Dungeon Overview and Level Annotations

Branches:
Dungeon (5/15)
 Temple: D:4-7

Altars:


Message History

Found a dagger.
You open the door.
There is an open door here.
An orc comes into view. It is wielding a +0 club.
A dart slug comes into view.
You open the door.
A phantom comes into view.
Found 16 gold pieces.
There is an open door here.
Unknown command.
Unknown command.
Unknown command.
Unknown command.
There's nothing to close nearby.
You hit the phantom.
The phantom is lightly damaged.
The phantom hits you.
The phantom blinks!
You blink.
The phantom attacks as you move away! The phantom barely misses you.
You hit the dart slug.
The dart slug is heavily wounded.
The phantom hits you.
You hit the dart slug but do no damage.
You punch the dart slug, but do no damage.
The dart slug is heavily wounded.
The dart slug bites you but does no damage.
The phantom closely misses you.
You hit the dart slug.
The dart slug is almost dead.
The phantom hits you.
The phantom blinks!
You blink.
You hit the dart slug.
You kill the dart slug!
The phantom closely misses you.
You hit the phantom.
The phantom is moderately damaged.
The phantom hits you.
* * * LOW HITPOINT WARNING * * *
You hit the phantom.
The phantom is moderately damaged.
The phantom hits you.
You die...

#...$...#
#.....# #...#
#'# #.# #.#
#####
##.###...##
##.###...#..W..#
...........@†..#
#..###...#.....#
# ##.###...##
#.# ##.... #.#
###### #.# #.#
#.# #.#


You could see a phantom.

Vanquished Creatures
  2 dart slugs (D:5)
2 creatures vanquished.

Notes
Turn   | Place    | Note
-------+----------+-------------------------------------------
     0 | D:5      | FlurksSlurper the Demonspawn Delver began the quest for the
                  | Orb.
     0 | D:5      | Reached XP level 1. HP: 18/18 MP: 1/1
    16 | D:5      | Noticed an ice beast
   150 | D:4      | Noticed an iguana
   204 | D:5      | Noticed a phantom
   220 | D:5      | Slain by a phantom

Illustrated notes

Levels and vault maps discovered:
D:4:      black_bear_nest_2, layout_layer_cave, gammafunk_ghost_gnarly_gnolls,
          nicolae_shop_overcharged_wands
D:5:      layout_loops_corners, lightli_corner_chamber, uniq_menkaure

Action                     || total
---------------------------++-------
  Melee: Unarmed           ||    12
         Punch             ||     1
   Stab: Sleeping          ||     1
 Armour: Leather armour    ||     1
  Dodge: Dodged            ||     4

Table legend: (Time is in decaauts)
 A = Elapsed time spent in this place.
 B = Non-inter-level travel time spent in this place.
 C = Inter-level travel time spent in this place.
 D = Time resting spent in this place.
 E = Time spent auto-exploring this place.
 F = Levels seen in this place.
 G = Mean time per level.
                   A        B        C        D        E       F      G
               +--------+--------+--------+--------+--------+-----+--------+
         Total |    220 |    220 |      0 |      0 |     89 |   2 |  110.0 |
       Dungeon |    220 |    220 |      0 |      0 |     89 |   2 |  110.0 |
               +--------+--------+--------+--------+--------+-----+--------+

Top non-repeatable levels by time:
     D:5: 193 daAuts
     D:4: 26 daAuts
